 Dungeon Crawl Stone Soup version 0.19-a0-628-g9200b3b (webtiles) character file.

1558 georgeearnest the Chopper (level 8, -1/106 HPs)
             Began as a Hill Orc Fighter on June 13, 2016.
             Was a Follower of Beogh.
             Slain by a gnoll (2 damage)
             ... on level 5 of the Dungeon.
             The game lasted 00:10:30 (5432 turns).

georgeearnest the Chopper (Hill Orc Fighter)        Turns: 5432, Time: 00:10:30

Health: -1/106     AC: 24    Str: 21    XL:     8   Next: 89%
Magic:  8/8        EV:  2    Int: 13    God:    Beogh [*.....]
Gold:   194        SH: 10    Dex: 10    Spells: 0 memorised, 7 levels left

rFire  + . .     SeeInvis .     a - +0 war axe
rCold  + . .     Gourm    .     (armour currently unavailable)
rNeg   + + +     Faith    .     c - +0 shield
rPois  +         Spirit   .     (helmet currently unavailable)
rElec  +         Dismiss  .     (cloak currently unavailable)
rCorr  +         Reflect  .     (gloves currently unavailable)
SustAt .         Harm     .     (boots currently unavailable)
MR     +....     NoTele   +     (no amulet)
Stlth  +.........               s - ring of positive energy
                                w - ring of protection from magic

@: brilliant, tree-form, resistant, glowing, somewhat resistant to hostile
enchantments, very unstealthy
A: no striking features
a: Renounce Religion


You were on level 5 of the Dungeon.
You worshipped Beogh.
Beogh was aware of your devotion.
You were not hungry.
You were a tree.
You visited 1 branch of the dungeon, and saw 5 of its levels.
You also visited: Ossuary.

You collected 194 gold pieces.

Inventory:

Hand Weapons
 a - a +0 war axe (weapon)
Armour
 b - a +0 scale mail (melded)
 c - a +0 shield (worn)
 j - a +0 pair of boots (melded)
 o - a +0 cloak (melded)
Jewellery
 n - an uncursed ring of magical power
 s - a ring of positive energy (right branch)
 u - an uncursed ring of magical power
 w - a ring of protection from magic (left branch)
Scrolls
 d - 2 scrolls of noise {unknown}
 e - 2 scrolls of teleportation {unknown}
 h - 3 scrolls of identify {unknown}
 k - a scroll of immolation {unknown}
 l - 3 scrolls of amnesia {unknown}
 m - a scroll of fog {unknown}
 q - a scroll of fear {unknown}
 r - a scroll of blinking {unknown}
 t - 2 scrolls of remove curse {unknown}
 x - 2 scrolls of enchant armour {unknown}
Potions
 f - a potion of agility {unknown}
 z - a potion of resistance
Comestibles
 g - 6 meat rations
 p - 2 bread rations


   Skills:
 + Level 6.4 Fighting
 + Level 7.5 Axes
 + Level 5.9 Armour
 + Level 4.0 Dodging
 + Level 0.1 Stealth
 + Level 6.0 Shields


You had 7 spell levels left.
You didn't know any spells.

Dungeon Overview and Level Annotations

Branches:
Dungeon (5/15)             Temple (0/1) D:4

Altars:
Dithmenos
Fedhas
Gozag
Nemelex Xobeh
Okawaru
Qazlal
Ru


Message History

You closely miss the gnoll shaman.
The gnoll shaman is heavily wounded.
You closely miss the adder. You slash the gnoll!
The gnoll is heavily wounded.
You hit the gnoll shaman.
The gnoll shaman is severely wounded.
You slash the phantom!
You destroy the phantom!
Beogh accepts your kill.
Your Dodging skill increases to level 4!
Your Shields skill increases to level 6!
You closely miss the crimson imp.
The crimson imp is lightly wounded.
You block the gnoll's attack. You block the gnoll shaman's attack.
The adder bites you but does no damage. You block the gnoll shaman's attack.
The centaur hits you.
* * * LOW HITPOINT WARNING * * *
The crimson imp barely misses you. The gnoll hits you but does no damage.
The gnoll hits you.
You die...

#..........()[(..............
.#.............(.............
##.............(............
#.....(....Y....(........#..
#................(....#..#..
...................(..##..#..
#..........g5Z........##..#..
.......5cg........#......
.......†♣Sg..............
.......g(g...............
.........................
.##.......####...........
#.......# #####.....##
#.......# ##..### ##+######
#.># ##.# #.#


You could see a sky beast, a centaur, 2 gnoll shamans, 3 gnolls, a crimson imp,
an adder, a shadow imp and a worker ant zombie.

Vanquished Creatures
  Menkaure (D:4)
  An ice beast (D:5)
  An ogre (D:4)
  A phantom (D:5)
  A centaur (D:5)
  2 elf zombies (Ossuary)
  3 scorpions
  2 howler monkeys
  3 hounds
  A human zombie (Ossuary)
  An orc priest (D:5)
  4 orc wizards
  8 worker ants
  3 big kobold zombies (Ossuary)
  2 mummies (Ossuary)
  4 adders
  4 gnolls (D:5)
  An adder skeleton (D:5)
  4 adder zombies
  3 worms
  2 dart slugs
  9 orcs
  2 ball pythons
  5 bats
  3 giant cockroaches
  13 goblins
  8 hobgoblins
  9 jackals
  4 kobolds
  2 quokkas
  6 giant newts
  10 hobgoblin zombies (Ossuary)
  A jackal zombie (Ossuary)
  10 kobold zombies (Ossuary)
  6 orc zombies (Ossuary)
  9 rats
  A rat zombie (Ossuary)
150 creatures vanquished.

Notes
Turn   | Place    | Note
--------------------------------------------------------------
     0 | D:1      | georgeearnest the Hill Orc Fighter began the quest for the Orb.
     0 | D:1      | Reached XP level 1. HP: 19/19 MP: 1/1
    90 | D:1      | Reached XP level 2. HP: 24/27 MP: 2/2
   274 | D:1      | Reached skill level 3 in Axes
   303 | D:1      | Reached XP level 3. HP: 9/33 MP: 3/3
  1602 | D:2      | Found a stormy altar of Qazlal.
  1602 | D:2      | Found a blossoming altar of Fedhas.
  1661 | D:2      | Found a sacrificial altar of Ru.
  1675 | D:2      | Reached skill level 1 in Dodging
  1681 | D:2      | Reached XP level 4. HP: 40/40 MP: 4/4
  2024 | D:2      | Found a sparkling altar of Nemelex Xobeh.
  2024 | D:2      | Found an opulent altar of Gozag.
  2815 | D:4      | Reached XP level 5. HP: 43/47 MP: 5/5
  2825 | D:4      | Found a shadowy altar of Dithmenos.
  2825 | D:4      | Noticed Menkaure
  2835 | D:4      | Killed Menkaure
  2835 | D:4      | Reached skill level 4 in Axes
  2835 | D:4      | Reached XP level 6. HP: 12/53 MP: 6/6
  3442 | D:4      | Found a staircase to the Ecumenical Temple.
  3501 | D:4      | Reached skill level 5 in Fighting
  3522 | D:4      | Reached skill level 5 in Armour
  3523 | D:4      | Found an iron altar of Okawaru.
  3527 | D:4      | Reached XP level 7. HP: 23/61 MP: 7/7
  3713 | D:4      | Reached skill level 5 in Axes
  3808 | D:4      | Became a worshipper of Beogh the Brigand
  3914 | D:4      | Reached skill level 5 in Shields
  4333 | D:5      | Entered Level 5 of the Dungeon
  4426 | D:5      | Reached XP level 8. HP: 55/69 MP: 8/8
  4453 | D:5      | Reached skill level 6 in Axes
  4656 | D:5      | Found a sand-covered staircase.
  4782 | Ossuary  | Entered an ossuary
  4999 | Ossuary  | Reached * piety under Beogh
  5071 | Ossuary  | Reached skill level 7 in Axes
  5428 | D:5      | HP: 3/106 [phantom (4)]
  5432 | D:5      | HP: 1/106 [centaur (1)]
  5432 | D:5      | Slain by a gnoll

Vault maps used:
D:1:      dpeg_arrival_pits, minivault_26, serial_park_tiny_pond
D:2:      grunt_temple_overflow_forces_of_nature,
          grunt_temple_overflow_opulence, lemuel_crystal_altar,
          grunt_ministairs_8, hex_large, kennysheep_decorative_pillar
D:3:      nicolae_overflow_hidden_temple, first_bread
D:4:      okawaru_trees_2, lemuel_round_altar, temple_fountains, minmay_unequal,
          uniq_menkaure
D:5:      enter_ossuary_1, basic_altar
Ossuary:  ossuary_tomb_1

Skill      XL: |  1  2  3  4  5  6  7  8 |
---------------+-------------------------+-----
Fighting       | 4 5 6 |  6.4
Axes           | 3 4 5 7 |  7.5
Dodging        | 1 2 4 |  4.0
Shields        | 4 5 6 |  6.0
Armour         | 4 5 |  5.9
Stealth        | |  0.1

Action                   |  1- 3 |  4- 6 |  7- 9 || total
-------------------------+-------+-------+-------++-------
Melee: War axe           |   131 |   156 |   231 ||   518
Invok: Convert to Beogh  |       |       |     1 ||     1
  Use: Potion            |       |       |     5 ||     5
  Eat: Bread ration      |     1 |       |     1 ||     2
       Meat ration       |       |     1 |       ||     1
       Beef jerky        |       |       |     1 ||     1
Armor: Scale mail        |    65 |    84 |   123 ||   272
       Skin              |       |       |    39 ||    39
Dodge: Dodged            |    35 |    45 |    94 ||   174
Block: Shield            |    68 |    81 |   175 ||   324
